AoeStats
← Arda Asar

Arena

510519869Analyzed
2v2 RM · 2d ago on Oct 1, 2026· 46m 41s· 4 players
Game mode
Random Map
Map size
Medium (4 player)
Population
200
Speed
Normal
Resources
Standard
Victory
Conquest
Starting age
Dark Age
Ending age
Imperial Age
RankedLock teamsTeams togetherTeam positionsShared explorationLock speedFull tech treeHidden civsTurbo modeCheats
Victory
Defeat
🇮🇱 Cumans · Israel
1534
+15
🇹🇷 Teutons · Türkiye
1482
+18
🇫🇷 Danes · France
1523
-17
🇫🇷 Franks · France
1518
-16
Arda Asar
5:58 Loom
9:01 Feudal Age
9:31 Town Watch
9:42 Double-Bit Axe
10:31 Fletching
17:13 Horse Collar
23:06 Castle Age
21:25 Stone Mining
21:34 Gold Mining
25:34 Wheelbarrow
26:58 Bow Saw
27:04 Heavy Plow
33:49 Imperial Age
32:25 Bodkin Arrow
32:33 Padded Archer Armor
32:04 Crossbowman
35:12 Leather Archer Armor
35:32 Ballistics
36:24 Stone Shaft Mining
36:58 Hand Cart
37:51 Ring Archer Armor
37:32 Forging
37:31 Scale Barding Armor
37:55 Bloodlines
40:28 Two-Man Saw
39:10 Cavalier
40:28 Conscription
40:34 Town Patrol
41:11 Iron Casting
40:56 Chain Barding Armor
41:39 Chemistry
41:35 Crop Rotation
42:54 Ironclad
42:54 Crenellations
41:56 Elite Teutonic Knight
44:30 Paladin
46:16 Hoardings
45:43 Scale Mail Armor
Wavelogic
9:21 Feudal Age
10:04 Double-Bit Axe
9:59 Horse Collar
16:37 Loom
17:27 Wheelbarrow
20:35 Castle Age
19:29 Wheelbarrow
19:14 Gold Mining
20:29 Bloodlines
21:29 Scale Barding Armor
25:03 Town Watch
26:08 Bow Saw
31:37 Imperial Age
32:24 Hand Cart
33:36 Forging
35:58 Two-Man Saw
35:40 Gold Shaft Mining
37:24 Stone Mining
39:27 Chain Barding Armor
40:33 Cavalier
41:58 Conscription
42:38 Plate Barding Armor
44:29 Paladin
45:21 Heavy Plow
Boubou
10:49 Feudal Age
10:33 Loom
14:31 Castle Age
24:15 Horse Collar
24:23 Double-Bit Axe
27:19 Scale Mail Armor
27:59 Wheelbarrow
30:35 Chain Mail Armor
30:50 Forging
31:06 Arson
31:22 Squires
32:47 Bow Saw
32:31 Gold Mining
36:12 Imperial Age
36:41 Iron Casting
36:43 Hand Cart
37:29 Plate Mail Armor
36:59 Elite Jomsviking
43:24 Blast Furnace
44:47 Conscription
Naramwig
11:04 Feudal Age
9:24 Loom
14:34 Castle Age
12:46 Double-Bit Axe
15:43 Bow Saw
22:58 Town Watch
24:48 Forging
25:20 Fletching
26:31 Wheelbarrow
26:23 Scale Mail Armor
28:16 Iron Casting
29:41 Chain Mail Armor
35:35 Imperial Age
38:02 Blast Furnace
38:05 Elite Throwing Axeman
40:18 Plate Mail Armor
40:46 Squires
40:31 Arson
42:40 Scale Barding Armor
42:28 Pikeman
45:16 Chemistry
Connection lost

Rejoining the realm…

Still unreachable

The connection could not be restored.

Session expired

The server has moved on; the page needs a fresh start.